 Dungeon Crawl Stone Soup version 0.18-a0-1788-g92de1ac (webtiles) character file.

124 namelastname112 the Insei (level 4, -4/35 HPs)
             Began as a Draconian Transmuter on Apr 19, 2016.
             Slain by a centaur (7 damage)
             ... on level 3 of the Dungeon.
             The game lasted 00:04:34 (1765 turns).

namelastname112 the Insei (Draconian Transmuter)    Turns: 1765, Time: 00:04:34

Health: -4/35      AC:  2    Str: 11 (12) XL:     4   Next: 81%
Magic:  4/7        EV: 19    Int: 11 (13) God:
Gold:   75         SH:  0    Dex: 17 (18) Spells: 3 memorised, 1 level left

rFire  + . .     SeeInvis .       - Unarmed
rCold  . . .     Gourm    +     (armour unavailable)
rNeg   . . .     Faith    .     (shield currently unavailable)
rPois  x         Spirit   .     (helmet currently unavailable)
rElec  .         Dismiss  .     (cloak currently unavailable)
rCorr  .         Reflect  .     (gloves currently unavailable)
SustAt .         Harm     .     (boots currently unavailable)
MR     .....                    j - amulet of the gourmand
Stlth  ++........               n - ring of flight
                                e - ring of protection from fire

@: spider-form (expiring), not resistant to hostile enchantments, unstealthy
A: unfitting armour, (cold-blooded), AC +5
a: End Transformation, Evoke Flight


You were on level 3 of the Dungeon.
You were very hungry.
You were a venomous arachnid creature.
You visited 1 branch of the dungeon, and saw 3 of its levels.

You collected 75 gold pieces.

Inventory:

Missiles
 a - 32 arrows
Armour
 d - a +2 cloak of poison resistance (melded)
Jewellery
 e - a ring of protection from fire (left front leg)
 j - an amulet of the gourmand (around neck)
 n - a ring of flight (right front leg)
Scrolls
 f - a scroll of magic mapping {unknown}
 h - a scroll of fog {unknown}
 i - 3 scrolls of identify {unknown}
 l - a scroll of amnesia {unknown}
 m - a scroll of noise {unknown}
 o - a scroll of teleportation {unknown}
Potions
 g - a potion of flight
Books
 b - a book of Changes

   Spells                             Type                      Level
   a - Beastly Appendage              Transmutation                1
   b - Sticks to Snakes               Transmutation                2
   c - Spider Form                    Transmutation/Poison         3
   d - Ice Form                       Ice/Transmutation            4
   e - Blade Hands                    Transmutation                5
Comestibles
 c - a bread ration


   Skills:
 - Level 1.1 Fighting
 - Level 1.7 Dodging
 * Level 4.8 Unarmed Combat
 - Level 2.0 Spellcasting
 + Level 3.4 Transmutations


You had one spell level left.
You knew the following spells:

 Your Spells              Type           Power        Failure   Level  Hunger
a - Beastly Appendage     Trmt           #.....       24%         1    ##.....
c - Sticks to Snakes      Trmt           #.......     32%         2    ###....
x - Spider Form           Trmt/Pois      #.........   69%         3    ####...


Dungeon Overview and Level Annotations

Branches:
Dungeon (3/15)

Altars:
Sif Muna
The Shining One


Innate Abilities, Weirdness & Mutations

((Your plain brown scales are hard (AC +5).))
Your body does not fit into most forms of armour.
((You are cold-blooded and may be slowed by cold attacks.))


Message History

You hear a shout!
You take 13 damage, and have 8/35 hp.
MASSIVE DAMAGE!!
You hear a shout!
The centaur unwields an uncursed shortbow.
The centaur hits you.
* * * LOW HITPOINT WARNING * * *
You see here a giant newt corpse.
You barely miss the centaur. The centaur completely misses you.
You closely miss the centaur.
Your transformation is almost over.
The centaur misses you. The centaur hits you.
* * * LOW HITPOINT WARNING * * *
An orc comes into view. It is wielding a mace.
You take 5 damage, and have 3/35 hp.
Drink which item? (? for menu, Esc to quit)
It was a potion of degeneration.
There was something very wrong with that liquid.
You feel weakened.
You feel dopey.
You feel clumsy.
The orc moves out of view.
The centaur hits you!
You die...

#.........######
##########.#########
...........##....#
###......)..#
###..######## [
#...#### ..## #
########.#....#
....# #
.........####(#
#..8.### ##########
#s# #...... #c##
#..8.#. #o.# +....#)
##(# # #..8...
.o........# #.
##...... o######.###
#..#..8.#.# #..
#........( ##.
###...##.# =o
#.......


You could see a centaur and an orc.

Vanquished Creatures
  Crazy Yiuf (D:2)
  Ijyb (D:3)
  An adder (D:3)
  2 oozes
  A dart slug (D:1)
  3 giant geckos
  An orc (D:2)
  5 bats
  2 giant cockroaches
  3 goblins
  5 hobgoblins
  3 jackals (D:2)
  4 kobolds
  A quokka (D:2)
  4 giant newts
  9 rats
46 creatures vanquished.

Notes
Turn   | Place    | Note
--------------------------------------------------------------
     0 | D:1      | namelastname112 the Draconian Transmuter began the quest for the Orb.
     0 | D:1      | Reached XP level 1. HP: 16/16 MP: 3/3
     0 | D:1      | xeno23: ну ебать не повезло
    68 | D:1      | Reached XP level 2. HP: 3/23 MP: 5/5
   147 | D:1      | Learned a level 2 spell: Sticks to Snakes
   582 | D:2      | Reached XP level 3. HP: 25/28 MP: 6/6
   743 | D:2      | Found a glowing golden altar of the Shining One.
   870 | D:2      | Learned a level 3 spell: Spider Form
   922 | D:2      | Reached skill level 4 in Unarmed Combat
   955 | D:2      | Noticed Crazy Yiuf
  1467 | D:2      | Killed Crazy Yiuf
  1467 | D:2      | Reached XP level 4. HP: 29/35 MP: 1/7
  1612 | D:3      | Found a deep blue altar of Sif Muna.
  1708 | D:3      | Noticed Ijyb
  1731 | D:3      | Killed Ijyb
  1752 | D:3      | Noticed a centaur
  1765 | D:3      | Slain by a centaur

Vault maps used:
D:1:      minmay_arrival_diagonal_passages, minmay_surrounded
D:2:      marbit_many_paths, serial_forest, infiniplex_forest_clump_long,
          infiniplex_forest_pool, infiniplex_forest_corner_2,
          infiniplex_forest_straight_2, infiniplex_forest_clump_long,
          infiniplex_forest_straight_4, infiniplex_forest_straight_2,
          uniq_crazy_yiuf_cottage
D:3:      vehumet_crystals, lemuel_crystal_altar, zin_statuary,
          trog_hazing_becter, uniq_iyjb, uniq_natasha

Skill      XL: |  1  2  3 |
---------------+----------+-----
Unarmed Combat | 4 |  4.8
Transmutations | 3 |  3.4
Fighting       | |  1.1
Dodging        | |  1.7
Spellcasting   | |  2.0

Action                   |  1- 3 |  4- 6 || total
-------------------------+-------+-------++-------
Melee: Unarmed           |   114 |    55 ||   169
       Tailslap          |     7 |     2 ||     9
       Kick              |     1 |       ||     1
       Punch             |     1 |       ||     1
 Cast: Sticks to Snakes  |     1 |       ||     1
       Beastly Appendage |     1 |       ||     1
       Spider Form       |     2 |     2 ||     4
  Use: Potion            |     2 |     1 ||     3
 Stab: Sleeping          |     1 |       ||     1
  Eat: Chunk             |     2 |     1 ||     3
Armor: Skin              |    51 |    34 ||    85
Dodge: Dodged            |    89 |    62 ||   151
